 Dungeon Crawl Stone Soup version 0.16-a0-778-g0731923 (webtiles) character file.

162 MackTheKnife the Ruffian (level 5, -6/40 HPs)
             Began as a Draconian Transmuter on Sept 25, 2014.
             Was a Follower of Cheibriados.
             Killed by divine providence
             ... invoked by an orc priest
              (14 damage)
             ... on Level 3 of the Dungeon.
             The game lasted 00:03:52 (2114 turns).

MackTheKnife the Ruffian (Draconian Transmuter)     Turns: 2114, Time: 00:03:53

HP  -6/40        AC  5     Str 16      XL: 5   Next: 19%
MP   9/9         EV 12     Int 16      God: Cheibriados [*.....]
Gold 96          SH  0     Dex 15      Spells:  2 memorised,  5 levels left

rFire  . . .     SeeInvis .       - Unarmed
rCold  . . .     Clarity  .     (armour unavailable)
rNeg   . . .     rCorr    .     (no shield)
rPois  .         rRot     .     (helmet restricted)
rElec  .         Spirit   .     (no cloak)
SustAb .         Warding  .     (no gloves)
rMut   .         Stasis   .     (no boots)
Gourm  .                        (no amulet)
MR     .....                    (no ring)
                                (no ring)

@: very slow, not resistant to hostile enchantments, very unstealthy
A: unfitting armour, cold-blooded, AC +5
a: Bend Time, Renounce Religion


You were on level 3 of the Dungeon.
You worshipped Cheibriados.
Cheibriados was aware of your devotion.
You were not hungry.

You visited 1 branch of the dungeon, and saw 3 of its levels.

You collected 96 gold pieces.


Innate Abilities, Weirdness & Mutations

Your plain brown scales are hard (AC +5).
Your body does not fit into most forms of armour.
Your cold-blooded metabolism reacts poorly to cold.


   Skills:
 - Level 1.1 Fighting
 - Level 1.7 Dodging
 + Level 5.9 Unarmed Combat
 - Level 2.0 Spellcasting
 - Level 2.0 Transmutations


You had 5 spell levels left.
You knew the following spells:

 Your Spells              Type           Power        Failure   Level  Hunger
r - Sticks to Snakes      Trmt           #.........   14%         2    ###....
z - Beastly Appendage     Trmt           #.....       10%         1    #......

Inventory:

Missiles
 b - 33 arrows
 j - 24 stones (quivered)
 m - a throwing net
 r - 7 poisoned arrows
Armour
 f - a +0 buckler
Comestibles
 a - 2 bread rations
 i - a beef jerky
 q - a meat ration
Scrolls
 c - 3 scrolls of remove curse
 g - 4 scrolls of identify
 l - 2 scrolls of teleportation
Potions
 h - a potion of agility {unknown}
 k - 3 potions of curing {unknown}
 n - 4 potions of invisibility {unknown}
 o - a potion of heal wounds {unknown}
 p - a potion of cancellation {unknown}
 s - a potion of haste {unknown}
 w - 2 potions of resistance {unknown}
Books
 d - a book of Changes

   Spells                             Type                      Level
   *Beastly Appendage                 Transmutation                1
   *Sticks to Snakes                  Transmutation                2
   Spider Form                        Transmutation/Poison         3
   Ice Form                           Ice/Transmutation            4
   Blade Hands                        Transmutation                5

▒··≈≈≈≈··▒▒·········· ▒
▒·····≈···▒··o·····▒▒ ·
▒·····≈···▒·······▒▒ ··
▒·⌠····≈_·▒··▒▒▒▒▒▒ ▒ ▒
▒···▒▒····▒··▒▒ ▒·· ▒▒▒·
▒··▒▒▒▒▒▒▒▒··o▒ ▒···[
····
▒···········▒·▒▒▒▒▒▒···▒
▒▒··
▒▒▒▒▒▒·▒▒▒▒▒▒··▒·)···▒
▒··· ▒·▒ ▒▒▒··d▒▒▒▒▒▒▒▒▒
▒·· ▒·▒ ▒···o▒········▒▒
▒·· ▒·▒
▒·▒▒···········▒▒▒▒··▒
▒·▒ ▒·
▒················▒· ▒··
▒ ▒········>··▒▒▒·▒▒·
▒▒▒ ▒····>······▒▒··▒(·
▒··············▒▒·▒
▒▒▒···············▒
▒··▒)▒▒▒▒▒·▒▒▒·(·


You could see an orc priest.


Message History

No target in view!
You start resting.
An orc is nearby!
An orc is nearby!
The orc shouts!
The orc completely misses you.
Items here: %% )) [[[ You hit the orc but do no damage.
The orc hits you but does no damage.
You hit the orc.
The orc is severely wounded.
The orc completely misses you.
You closely miss the orc.
The orc is severely wounded.
You punch the orc!
You kill the orc!
Cheibriados thoroughly appreciates the change of pace.
An orc priest comes into view. It is wielding a short sword.
An orc priest is nearby!
The orc priest closely misses you.
Things that are here:
a hand axe; a leather armour; an orc corpse You hit the orc priest.
The orc priest is moderately wounded.
The orc priest hits you with a short sword.
* * * LOW HITPOINT WARNING * * *
You hit the orc priest.
The orc priest is heavily wounded.
The orc priest mumbles some strange prayers to Beogh against you.
Something smites you!
You die...

Action                   |  1- 3 |  4- 6 || total
-------------------------+-------+-------++-------
Melee: Unarmed           |   154 |    93 ||   247
Throw: Stone             |     1 |       ||     1
 Cast: Sticks to Snakes  |     2 |       ||     2
  Use: Scroll            |     1 |     4 ||     5
 Stab: Sleeping          |     1 |     1 ||     2
  Eat: Chunk             |     2 |     2 ||     4

Vault maps used:
D:1:      lightli_arrival_flooded_house
D:2:      lemuel_blue_sif_altar, old_standard_altar, grunt_gozag_statues
D:3:      kiku_gazebo_pond_becter, first_bread, kennysheep_generic_room_2

Notes
Turn   | Place    | Note
--------------------------------------------------------------
     0 | D:1      | MackTheKnife, the Draconian Transmuter, began the quest for the Orb.
     0 | D:1      | Reached XP level 1. HP: 16/16 MP: 3/3
   213 | D:1      | Reached XP level 2. HP: 23/23 MP: 4/4
   475 | D:1      | Reached skill level 4 in Unarmed Combat
   479 | D:1      | Learned a level 2 spell: Sticks to Snakes
   645 | D:2      | Reached XP level 3. HP: 19/28 MP: 1/6
   931 | D:2      | Found an opulent altar of Gozag.
  1140 | D:2      | Found a snail-covered altar of Cheibriados.
  1206 | D:2      | Became a worshipper of Cheibriados the Contemplative
  1351 | D:2      | Found a deep blue altar of Sif Muna.
  1548 | D:3      | Reached XP level 4. HP: 35/35 MP: 7/7
  1550 | D:3      | Reached skill level 5 in Unarmed Combat
  1944 | D:3      | Found an ancient bone altar of Kikubaaqudgha.
  1954 | D:3      | Reached XP level 5. HP: 35/40 MP: 9/9
  2114 | D:3      | Killed from afar by an orc priest

Vanquished Creatures
  An orc wizard (D:3)
  5 adders
  A giant mite (D:3)
  A worm (D:3)
  3 oozes
  10 orcs (D:3)
  9 hobgoblins
  3 jackals (D:2)
  3 quokkas
  3 bats
  3 giant cockroaches
  5 giant newts
  10 goblins
  6 kobolds
  10 rats
73 creatures vanquished.
